 Dungeon Sprint DCSS version 0.21-a0-110-g8e1637b (webtiles) character file.

499922 Kidiri the Swordmaster (level 20, 216/216 HPs)
             Began as a Naga Fighter on July 10, 2017.
             Was the Champion of Cheibriados.
             Escaped with the Orb!
             The game lasted 00:39:35 (3217 turns).

Kidiri the Swordmaster (Naga Fighter)               Turns: 3217, Time: 00:39:36

Health: 216/216    AC: 54    Str: 41    XL:     20   Next: 30%
Magic:  37/37      EV: 25    Int: 24    God:    Cheibriados [******]
Gold:   0          SH: 43    Dex: 44    Spells: 46/46 levels left

rFire    . . .     SeeInvis +   T - +7 Singing Sword
rCold    + . .     Gourm    .   K - +18 shield of the Gong {rElec rN+ MR+ EV-5}
rNeg     + + .     Faith    .   J - +15 Maxwell's patent armour {-Cast -Tele rElec MR+ rCorr}
rPois    +         Spirit   +   E - +2 hat of the Bear Spirit {Spirit, +Rage rN+ MR++}
rElec    +         Reflect  +   c - +2 cloak
rCorr    +         Harm     .   O - +4 pair of gloves of Xaigyfir {rElec}
MR       +++++     NoTele   +   (no barding) Stlth +++.......NoCast +
                                V - +2 amulet of reflection
HPRegen  0.46/turn              a - ring of Geciel {rC+ Str+3 Dex+5 SInv}
MPRegen  0.25/turn              h - ring of Kokhloiru {*Slow AC+4 Dex+9}

@: very slow
A: antennae 1, see invisible, deformed body, sense surroundings 1, poison
resistance, slowness 2, slow metabolism 1, spit poison 1, constrict 1, AC +6
0: Orb of Zot
a: Spit Poison, Bend Time, Temporal Distortion, Slouch, Step From Time, Renounce
Religion, Evoke Berserk Rage


You escaped.
You worshipped Cheibriados.
Cheibriados was exalted by your worship.
You were full.

You visited 1 branch

Inventory:

Hand Weapons
 T - the +7 Singing Sword (weapon)
   (You found it in the Dungeon)
Armour
 c - a +2 cloak (worn)
 E - the +2 hat of the Bear Spirit (worn) {Spirit, +Rage rN+ MR++}
   (You found it in the Dungeon)

   It protects you from negative energy.
   It affects your resistance to hostile enchantments.
   It lets you go berserk.
 J - the +15 Maxwell's patent armour (worn) {-Cast -Tele rElec MR+ rCorr}
   (You found it in the Dungeon)

   It insulates you from electricity.
   It affects your resistance to hostile enchantments.
   It prevents spellcasting.
   It prevents most forms of teleportation.
   It protects you from acid and corrosion.
 K - the +18 shield of the Gong (worn) {rElec rN+ MR+ EV-5}
   (You found it in the Dungeon)

   It affects your evasion (-5).
   It insulates you from electricity.
   It protects you from negative energy.
   It affects your resistance to hostile enchantments.
 O - the +4 pair of gloves of Xaigyfir (worn) {rElec}
   (You found it in the Dungeon)

   It insulates you from electricity.
Jewellery
 a - the ring of Geciel (left hand) {rC+ Str+3 Dex+5 SInv}
   (You found it in the Dungeon)

   [ring of see invisible]

   It affects your strength (+3).
   It affects your dexterity (+5).
   It protects you from cold.
   It lets you see invisible.
 b - the ring "Benegusysu" {+Fly rF+ rC+}
   (You took it off a vampire knight in the Dungeon)

   [ring of flight]

   It protects you from fire.
   It protects you from cold.
   It lets you fly.
 h - the ring of Kokhloiru (right hand) {*Slow AC+4 Dex+9}
   (You found it in the Dungeon)

   [ring of protection]

   It affects your AC (+4).
   It affects your dexterity (+9).
   It may slow you when you take damage.
 j - the ring of Uskayaw's Esteem {Wiz rElec Str+3}
   (You took it off an angel in the Dungeon)

   [ring of wizardry]

   It improves your spell success rate.
   It affects your strength (+3).
   It insulates you from electricity.
 o - the ring of Texila {rCorr MR+ Str+3 Stlth+}
   (You found it in the Dungeon)

   [ring of resist corrosion]

   It affects your strength (+3).
   It affects your resistance to hostile enchantments.
   It makes you more stealthy.
 y - the amulet "Suputeb" {+Rage rElec rPois Str-4 Int-5}
   (You took it off a necromancer in the Dungeon)

   [amulet of rage]

   It affects your strength (-4).
   It affects your intelligence (-5).
   It insulates you from electricity.
   It protects you from poison.
   It lets you go berserk.
 A - the ring of Vayreot {Wiz rF+ rN+ Stlth+}
   (You found it in the Dungeon)

   [ring of wizardry]

   It improves your spell success rate.
   It protects you from fire.
   It protects you from negative energy.
   It makes you more stealthy.
 B - the ring "Put-Me-On" {rN+ MR+ EV+4 Int-5}
   (You found it in the Dungeon)

   [ring of evasion]

   It affects your evasion (+4).
   It affects your intelligence (-5).
   It protects you from negative energy.
   It affects your resistance to hostile enchantments.
 C - the ring of Zoranon {rCorr rF+ Str+2 Int+6 Stlth-}
   (You found it in the Dungeon)

   [ring of resist corrosion]

   It affects your strength (+2).
   It affects your intelligence (+6).
   It protects you from fire.
   It makes you less stealthy.
 L - the ring of Sunlight {Wiz rC- MR+++ SInv Stlth-}
   (You found it in the Dungeon)

   [ring of wizardry]

   It improves your spell success rate.
   It makes you vulnerable to cold.
   It affects your resistance to hostile enchantments.
   It lets you see invisible.
   It makes you less stealthy.
 M - the amulet of Orthodoxy {rC+ Regen+ Int+7 Dex-3}
   (You found it in the Dungeon)

   [amulet of regeneration]

   It affects your intelligence (+7).
   It affects your dexterity (-3).
   It protects you from cold.
   It increases your rate of regeneration.
 Q - the amulet of Vikhlomn {RegenMP rElec}
   (You found it in the Dungeon)

   [amulet of magic regeneration]

   It increases your magic regeneration.
   It insulates you from electricity.
 R - the ring "Kulet" {rC++ MP+9}
   (You found it in the Dungeon)

   [ring of magical power]

   It greatly protects you from cold.
   It affects your magic capacity (+9).
 U - the ring of the Lotus Blossom {MR+ MP+9}
   (You found it in the Dungeon)

   [ring of magical power]

   It affects your resistance to hostile enchantments.
   It affects your magic capacity (+9).
 V - a +2 amulet of reflection (around neck)
 W - the ring "Rip Ceic" {rCorr rF+ rC+ rN+ Dex-3}
   (You found it in the Dungeon)

   [ring of resist corrosion]

   It affects your dexterity (-3).
   It protects you from fire.
   It protects you from cold.
   It protects you from negative energy.
 Y - the cursed ring "Zakuat" {Int+4 Dex-3 Slay+2}
   (You took it off a vampire knight in the Dungeon)

   [ring of dexterity]

   It affects your intelligence (+4).
   It affects your dexterity (-3).
   It affects your accuracy and damage with ranged weapons and melee attacks
   (+2).
   It has a curse placed upon it.
 Z - the ring of Ryhal {AC+1 Str-3 Int+3 Dex+3}
   (You found it in the Dungeon)

   [ring of protection]

   It affects your AC (+1).
   It affects your strength (-3).
   It affects your intelligence (+3).
   It affects your dexterity (+3).
Wands
 F - a wand of disintegration (22/24)
 G - a wand of iceblast (8/15)
 H - a wand of lightning (5/15)
 I - a wand of acid (1/15)
Scrolls
 k - 4 scrolls of blinking
 q - 4 scrolls of amnesia
 r - 5 scrolls of recharging
 s - 7 scrolls of fog
 t - a scroll of holy word
 u - 5 scrolls of identify
 v - 5 scrolls of remove curse
 w - 2 scrolls of fear
 N - 12 scrolls of enchant armour
Potions
 d - 6 potions of might
 e - 10 potions of curing
 g - 17 potions of heal wounds
 i - a potion of magic
 l - 2 potions of brilliance
 m - 2 potions of invisibility
 n - 4 potions of resistance
 p - 6 potions of agility
Comestibles
 f - 5 bread rations
 x - 21 fruits
 z - 4 meat rations


   Skills:
 + Level 21.5 Fighting
 O Level 27 Long Blades
 * Level 24.6 Armour
 + Level 18.6 Dodging
 + Level 26.6 Stealth
 * Level 24.5 Shields
 - Level 13.8 Spellcasting
   Level 13.3 Transmutations
 + Level 22.9 Invocations
 + Level 16.9 Evocations


You had 46 spell levels left.
You didn't know any spells.

Dungeon Overview and Level Annotations

Branches:
Dungeon (1/1)

Altars:
Ashenzari
Cheibriados
Dithmenos
Elyvilon
Fedhas
Gozag
Hepliaklqana
Kikubaaqudgha
Makhleb
Nemelex Xobeh
Okawaru
Qazlal
Ru
Sif Muna
Trog
Uskayaw
Vehumet
Wu Jian
Xom
Yredelemnul
Zin
The Shining One
Beogh
Jiyva
Lugonu

Annotations:
D 1 exclusion


Innate Abilities, Weirdness & Mutations

You cannot wear boots.
Your serpentine skin is tough. (AC +6)
You have supernaturally acute eyesight. (SInv)
Armour fits poorly on your strangely shaped body.
Your system is resistant to poisons. (rPois)
You cover ground very slowly.
You have a slow metabolism.
You can spit poison.
You can use your snake-like lower body to constrict enemies.
You have a pair of small antennae on your head.
You passively map a small area around you.


Message History

a long sword; a +1 hand crossbow of flaming; a plate armour You see here a phial of floods.
You see here a +2 hand axe of electrocution.
You see here a +3 battleaxe of electrocution.
There is a transporter here.
An exit appears before you!
You enter the transporter and appear at another place.
Found the Orb of Zot.
Found a staircase leading out of the dungeon.
Unknown command.
You see here the Orb of Zot.
You pick up the Orb of Zot!
The Orb lets out a hideous shriek!
The lords of Pandemonium are not amused.
Beware!
Cheibriados tells them not to hurry.
Now all you have to do is get back out of the dungeon!
Unknown command.
There is a staircase leading out of the dungeon here.
There is a staircase leading out of the dungeon here.
There is a staircase leading out of the dungeon here.
You have escaped!

............▓..≈......≈.≈.▓...8©8
............▓.≈....(..≈..≈▓..)):.
.)..........▓≈≈.≈≈...≈≈≈..▓..||.)
............▓.≈.≈....≈≈≈≈.▓......
............▓..≈≈..©..≈..≈▓.....)
............▓▓▓▓▓▓▓▓▓▓▓▓▓▓▓....).
............▓8888888888888▓...)).
▓.......▓...▓8...........8▓..▓)).
............▓8..@.....©..8▓.▓...)
............▓8...........8▓....©.
....©.......▓8888888888888▓▓▓▓▓▓▓
▓▓▓▓▓▓▓▓▓▓▓▓▓▓▓▓▓▓▓▓▓▓▓▓▓▓▓▓▓▓▓▓▓
.....8©8........▓........8©8.....
)::.[?|=})..|.}.▓..[})|[..)}}[.?.
))}:)[)}:}=:.)..▓..}...):[([.}...
||.}.)}[|}).))..▓.[)(((|))()))))(
......[.........▓..).))(()))())((


There were no monsters in sight!

Vanquished Creatures
  3 ancient liches (D)
  A pandemonium lord (D)
  A shard shrike (D)
  A profane servitor (D)
  11 pearl dragons (D)
  A bone dragon (D)
  8 liches (D)
  4 Orb Guardians (D)
  A quicksilver dragon (D)
  8 deep elf master archers (D)
  2 tentacled starspawn (D)
  2 thorn hunters (D)
  4 shadow dragons (D)
  A daeva (D)
  15 ghouls (D)
  6 angels (D)
  A draconian shifter (D)
  2 ophanim (D)
  A reaper (D)
  6 stone giants (D)
  A green draconian (D)
  13 vampire knights (D)
  6 apis (D)
  4 dire elephants (D)
  6 black draconians (D)
  2 purple draconians (D)
  3 white draconians (D)
  6 yellow draconians (D)
  2 red draconians (D)
  10 merfolk javelineers (D)
  2 blizzard demons (D)
  A yaktaur captain (D)
  6 merfolk impalers (D)
  3 hydras (D)
  2 spriggan air magi (D)
  An anaconda (D)
  2 alligator snapping turtles (D)
  3 centaur warriors (D)
  3 catoblepae (D)
  2 merfolk avatars (D)
  A death yak (D)
  3 merfolk aquamancers (D)
  A satyr (D)
  4 thrashing horrors (D)
  5 vampire magi (D)
  2 spriggan berserkers (D)
  12 soul eaters (D)
  A sun demon (D)
  5 sea snakes (D)
  4 wretched stars (D)
  6 cherubim (D)
  9 skeletal warriors (D)
  A sixfirhy (D)
  5 large abominations (D)
  2 spriggan druids (D)
  A shambling mangrove (D)
  11 necromancers (D)
  2 harpies (D)
  4 wolf spiders (D)
  A moth of wrath (D)
  9 cyclopes (D)
  4 manticores (D)
  An oklob plant (D)
  4 draconians (D)
  4 toenail golems (D)
  An apocalypse crab (D)
  2 elephants (D)
  2 worldbinders (D)
  3 merfolk sirens (D)
  2 eyes of devastation (D)
  A water nymph (D)
  3 smoke demons (D)
  3 black mambas (D)
  3 spiny frogs (D)
  A rime drake (D)
  3 komodo dragons (D)
  3 tormentors (D)
  A dryad (D)
  A freezing wraith (D)
  An ice devil (D)
  6 yaktaurs (D)
  12 hornets (D)
  3 ancient zymes (D)
  3 jumping spiders (D)
  A polar bear (D)
  2 wind drakes (D)
  5 merfolk (D)
  2 blink frogs (D)
  3 hippogriffs (D)
  A dream sheep (D)
  A snapping turtle (D)
  2 raiju (D)
  2 flying skulls (D)
  6 vampires (D)
  5 starcursed masses (D)
  A ynoxinul (D)
  7 redbacks (D)
  5 spriggans (D)
  11 shadows (D)
  2 tarantellas (D)
  A wyvern (D)
  5 yaks (D)
  3 neqoxecs (D)
  A basilisk (D)
  A golden eye (D)
  3 water moccasins (D)
  10 small abominations (D)
  A porcupine (D)
  A floating eye (D)
  2 hell hounds (D)
  5 necrophages (D)
  A phantom (D)
  3 eyes of draining (D)
  2 black bears (D)
  An ice beast (D)
  8 wolves (D)
  6 centaurs (D)
  8 crocodiles (D)
  10 wights (D)
  3 crimson imps (D)
  A jelly (D)
  A quasit (D)
  2 iron imps (D)
  5 shadow imps (D)
  8 white imps (D)
  2 ufetubi (D)
  An ooze (D)
  5 adder zombies (D)
  12 adder skeletons (D)
  An adder simulacrum (D)
  6 bat skeletons (D)
  11 bat zombies (D)
  A ball python zombie (D)
  2 giant cockroach zombies (D)
  2 jackal skeletons (D)
  A jackal zombie (D)
  A leopard gecko skeleton (D)
  2 leopard gecko zombies (D)
  3 quokka skeletons (D)
  A quokka zombie (D)
  2 butterflies (D)
  A starspawn tentacle (D)
515 creatures vanquished.

Vanquished Creatures (others)
  4 deep elf master archers (D)
  2 stone giants (D)
  2 merfolk javelineers (D)
  2 yaktaur captains (D)
  A spatial maelstrom (D)
  A cherub (D)
  3 cyclopes (D)
  2 yaktaurs (D)
  A centaur (D)
  A bat zombie (D)
  A starspawn tentacle (D)
20 creatures vanquished.

Grand Total: 535 creatures vanquished

Notes
Turn   | Place    | Note
-------+----------+-------------------------------------------
     0 | D        | Kidiri the Naga Fighter began the quest for the Orb.
     0 | D        | Reached XP level 1. HP: 21/21 MP: 1/1
     0 | D        | Found a deep blue altar of Sif Muna.
     0 | D        | Found a bloodstained altar of Trog.
     0 | D        | Found a sacrificial altar of Ru.
     0 | D        | Found a stormy altar of Qazlal.
     0 | D        | Found an iron altar of Okawaru.
     1 | D        | Found a sparkling altar of Nemelex Xobeh.
     1 | D        | Found a blossoming altar of Fedhas.
     3 | D        | Found a transporter.
     3 | D        | Found an ancient bone altar of Kikubaaqudgha.
     3 | D        | Found a viscous altar of Jiyva.
     3 | D        | Found a corrupted altar of Lugonu.
     3 | D        | Found a hazy altar of Hepliaklqana.
     3 | D        | Found a burning altar of Makhleb.
     3 | D        | Found an opulent altar of Gozag.
    35 | D        | Banished a spatial maelstrom
    62 | D        | Became a worshipper of Cheibriados the Contemplative
   120 | D        | Reached skill level 4 in Long Blades
   120 | D        | Reached skill level 1 in Dodging
   120 | D        | Reached XP level 2. HP: 30/30 MP: 1/3
   158 | D        | Entered arena 2.
   158 | D        | Noticed a merfolk
   158 | D        | Noticed a merfolk
   158 | D        | Found a transporter.
   174 | D        | Killed a merfolk
   174 | D        | Reached skill level 5 in Fighting
   174 | D        | Reached skill level 6 in Long Blades
   174 | D        | Reached skill level 5 in Armour
   174 | D        | Reached skill level 5 in Shields
   174 | D        | Reached XP level 3. HP: 30/39 MP: 3/6
   174 | D        | Reached XP level 4. HP: 35/46 MP: 3/7
   174 | D        | Reached XP level 5. HP: 40/52 MP: 3/8
   181 | D        | Killed a merfolk
   181 | D        | Reached skill level 7 in Long Blades
   181 | D        | Reached skill level 5 in Invocations
   181 | D        | Reached XP level 6. HP: 34/62 MP: 4/9
   309 | D        | Entered arena 3.
   309 | D        | Noticed a polar bear
   309 | D        | Noticed an ice beast
   309 | D        | Found a transporter.
   313 | D        | Reached * piety under Cheibriados
   317 | D        | Killed a polar bear
   317 | D        | Reached ** piety under Cheibriados
   317 | D        | Reached XP level 7. HP: 69/69 MP: 9/11
   320 | D        | Reached skill level 8 in Long Blades
   335 | D        | Entered arena 4.
   335 | D        | Found a transporter.
   341 | D        | Reached *** piety under Cheibriados
   343 | D        | Reached XP level 8. HP: 59/78 MP: 12/12
   411 | D        | Entered arena 5.
   411 | D        | Noticed a toenail golem
   411 | D        | Noticed a toenail golem
   411 | D        | Noticed a toenail golem
   411 | D        | Noticed a toenail golem
   411 | D        | Found a transporter.
   414 | D        | Killed a toenail golem
   414 | D        | Reached **** piety under Cheibriados
   414 | D        | Reached skill level 9 in Long Blades
   414 | D        | Reached skill level 5 in Dodging
   415 | D        | Killed a toenail golem
   417 | D        | Killed a toenail golem
   417 | D        | Reached XP level 9. HP: 86/86 MP: 2/14
   418 | D        | Killed a toenail golem
   418 | D        | Reached skill level 10 in Long Blades
   423 | D        | Got the ring of Geciel {rC+ Str+3 Dex+5 SInv}
   487 | D        | Entered arena 6.
   487 | D        | Noticed a draconian
   487 | D        | Noticed a draconian
   487 | D        | Noticed a draconian
   487 | D        | Noticed a black draconian
   487 | D        | Noticed a draconian
   487 | D        | Found a transporter.
   493 | D        | Killed a black draconian
   497 | D        | Killed a draconian
   497 | D        | Reached skill level 11 in Long Blades
   497 | D        | Reached XP level 10. HP: 98/98 MP: 10/16
   500 | D        | Killed a draconian
   500 | D        | Reached ***** piety under Cheibriados
   501 | D        | Killed a draconian
   503 | D        | Killed a draconian
   503 | D        | Reached skill level 10 in Armour
   503 | D        | Reached skill level 10 in Shields
   591 | D        | Entered arena 7.
   592 | D        | Reached ****** piety under Cheibriados
   593 | D        | Found a transporter.
   612 | D        | Entered arena 8.
   612 | D        | Noticed a spiny frog
   612 | D        | Noticed a five-headed hydra
   614 | D        | Killed a spiny frog
   614 | D        | Reached skill level 12 in Long Blades
   616 | D        | Found a transporter.
   618 | D        | Killed a six-headed hydra
   665 | D        | Entered arena 9.
   665 | D        | Noticed an eye of devastation
   665 | D        | Noticed an eye of devastation
   667 | D        | Found a transporter.
   671 | D        | Reached XP level 11. HP: 76/106 MP: 0/18
   679 | D        | Got the ring "Put-Me-On" {rN+ MR+ EV+4 Int-5}
   682 | D        | Got the ring of Zoranon {rCorr rF+ Str+2 Int+6 Stlth-}
   758 | D        | Entered arena 10.
   758 | D        | Noticed a wretched star
   760 | D        | Killed a wretched star
   761 | D        | Found a transporter.
   803 | D        | Entered arena 11.
   804 | D        | Reached skill level 10 in Invocations
   804 | D        | Reached skill level 13 in Long Blades
   805 | D        | Found a transporter.
   807 | D        | Reached skill level 10 in Fighting
   838 | D        | Entered arena 12.
   838 | D        | Noticed a skeletal warrior
   838 | D        | Noticed a shard shrike
   839 | D        | Killed a shard shrike
   846 | D        | Reached skill level 14 in Long Blades
   846 | D        | Reached XP level 12. HP: 63/118 MP: 9/20
   849 | D        | Found a transporter.
   858 | D        | Got the amulet of Vikhlomn {RegenMP rElec}
  1009 | D        | Entered arena 13.
  1009 | D        | Noticed a black draconian
  1009 | D        | Noticed a yellow draconian
  1009 | D        | Noticed a black draconian
  1009 | D        | Noticed an Orb Guardian
  1010 | D        | Noticed a yellow draconian
  1010 | D        | Noticed an Orb Guardian
  1010 | D        | Noticed a red draconian
  1010 | D        | Noticed a yellow draconian
  1010 | D        | Noticed a yellow draconian
  1010 | D        | Noticed a black draconian
  1012 | D        | Killed an Orb Guardian
  1012 | D        | Killed an Orb Guardian
  1013 | D        | Killed a red draconian
  1013 | D        | Reached skill level 15 in Long Blades
  1013 | D        | Killed a yellow draconian
  1013 | D        | Killed a black draconian
  1013 | D        | Killed a black draconian
  1014 | D        | Killed a yellow draconian
  1014 | D        | Killed a black draconian
  1014 | D        | Gained mutation: You can use your snake-like lower body to constrict enemies. [Naga growth]
  1014 | D        | Reached XP level 13. HP: 107/128 MP: 6/22
  1014 | D        | Killed a yellow draconian
  1014 | D        | Killed a yellow draconian
  1019 | D        | Found a transporter.
  1049 | D        | Entered arena 14.
  1050 | D        | Noticed a merfolk impaler
  1051 | D        | Noticed a merfolk impaler
  1051 | D        | Noticed a merfolk javelineer
  1051 | D        | Noticed a merfolk impaler
  1052 | D        | Reached skill level 10 in Dodging
  1052 | D        | Reached skill level 16 in Long Blades
  1053 | D        | Killed a merfolk impaler
  1053 | D        | Killed a merfolk impaler
  1053 | D        | Killed a merfolk javelineer
  1054 | D        | Noticed a merfolk javelineer
  1054 | D        | Killed a merfolk impaler
  1060 | D        | Killed a merfolk javelineer
  1067 | D        | Found a transporter.
  1093 | D        | Got the ring of the Lotus Blossom {MR+ MP+9}
  1129 | D        | Entered arena 15.
  1130 | D        | Noticed a merfolk javelineer
  1130 | D        | Noticed a merfolk impaler
  1133 | D        | Killed a merfolk impaler
  1133 | D        | Killed a merfolk javelineer
  1133 | D        | Reached skill level 17 in Long Blades
  1139 | D        | Found a transporter.
  1201 | D        | Got the cursed ring "Qeted" {rElec Dex-2 Slay-5 SInv}
  1257 | D        | Entered arena 16.
  1258 | D        | Noticed a white draconian
  1258 | D        | Noticed an Orb Guardian
  1258 | D        | Noticed a quicksilver dragon
  1258 | D        | Noticed a purple draconian
  1258 | D        | Noticed a purple draconian
  1258 | D        | Noticed a white draconian
  1258 | D        | Noticed a yellow draconian
  1259 | D        | Noticed a white draconian
  1259 | D        | Noticed an Orb Guardian
  1259 | D        | Noticed a black draconian
  1259 | D        | Noticed a red draconian
  1259 | D        | Noticed a yellow draconian
  1260 | D        | Noticed a green draconian
  1260 | D        | Noticed a black draconian
  1260 | D        | Killed a quicksilver dragon
  1260 | D        | Reached skill level 15 in Armour
  1260 | D        | Reached XP level 14. HP: 81/141 MP: 9/24
  1260 | D        | Killed an Orb Guardian
  1260 | D        | Reached skill level 15 in Shields
  1260 | D        | Killed an Orb Guardian
  1262 | D        | Killed a white draconian
  1263 | D        | Killed a yellow draconian
  1263 | D        | Killed a purple draconian
  1263 | D        | Killed a white draconian
  1263 | D        | Reached skill level 18 in Long Blades
  1263 | D        | Killed a purple draconian
  1263 | D        | Killed a black draconian
  1263 | D        | Killed a white draconian
  1263 | D        | Killed a yellow draconian
  1263 | D        | Killed a red draconian
  1265 | D        | Killed a green draconian
  1266 | D        | Found a transporter.
  1268 | D        | Killed a black draconian
  1480 | D        | Entered arena 17.
  1483 | D        | Noticed a tentacled starspawn
  1483 | D        | Noticed a tentacled starspawn
  1485 | D        | Noticed a green draconian shifter
  1485 | D        | Noticed a starcursed mass
  1485 | D        | Killed a tentacled starspawn
  1486 | D        | Killed a tentacled starspawn
  1486 | D        | Reached skill level 15 in Invocations
  1491 | D        | Found a transporter.
  1492 | D        | Killed a green draconian shifter
  1492 | D        | Reached skill level 19 in Long Blades
  1532 | D        | Got the ring of Kokhloiru {*Slow AC+4 Dex+9}
  1593 | D        | Entered arena 18.
  1596 | D        | Noticed a thorn hunter
  1596 | D        | Noticed a thorn hunter
  1597 | D        | Reached XP level 15. HP: 144/152 MP: 26/26
  1599 | D        | Killed a thorn hunter
  1599 | D        | Killed a thorn hunter
  1600 | D        | Reached skill level 15 in Fighting
  1605 | D        | Found a transporter.
  1666 | D        | Entered arena 19.
  1672 | D        | Reached skill level 20 in Long Blades
  1675 | D        | Found a transporter.
  1679 | D        | Got the cursed ring of Fiel {Str-3 Int+5 Stlth-}
  1756 | D        | Entered arena 20.
  1762 | D        | Reached skill level 1 in Stealth
  1762 | D        | Reached skill level 1 in Transmutations
  1762 | D        | Reached skill level 1 in Evocations
  1762 | D        | Reached skill level 1 in Spellcasting
  1766 | D        | Found a transporter.
  1845 | D        | Entered arena 21.
  1851 | D        | Reached skill level 5 in Stealth
  1854 | D        | Noticed a profane servitor
  1859 | D        | Reached skill level 5 in Transmutations
  1860 | D        | Killed a profane servitor
  1860 | D        | Reached XP level 16. HP: 142/165 MP: 3/28
  1877 | D        | Found a transporter.
  1884 | D        | Gained mutation: You have a pair of small antennae on your head. [mutagenic meat]
  1885 | D        | Gained mutation: You passively map a small area around you. [mutagenic meat]
  1962 | D        | Entered arena 22.
  1967 | D        | Noticed Hekiw Caeni the pandemonium lord
  1968 | D        | Reached skill level 21 in Long Blades
  1971 | D        | Reached skill level 10 in Stealth
  1972 | D        | Killed Hekiw Caeni the pandemonium lord
  1972 | D        | Reached skill level 5 in Evocations
  1974 | D        | Noticed a bone dragon
  1982 | D        | Killed a bone dragon
  1982 | D        | Reached skill level 5 in Spellcasting
  1985 | D        | Found a transporter.
  2007 | D        | Got the ring of Vayreot {Wiz rF+ rN+ Stlth+}
  2013 | D        | Got the ring "Kulet" {rC++ MP+9}
  2019 | D        | Got the ring "Rip Ceic" {rCorr rF+ rC+ rN+ Dex-3}
  2196 | D        | Entered arena 23.
  2202 | D        | Noticed a pearl dragon
  2202 | D        | Noticed a daeva
  2202 | D        | Noticed a pearl dragon
  2202 | D        | Noticed a pearl dragon
  2202 | D        | Noticed a pearl dragon
  2203 | D        | Noticed a pearl dragon
  2204 | D        | Noticed a pearl dragon
  2204 | D        | Noticed a pearl dragon
  2204 | D        | Noticed a pearl dragon
  2204 | D        | Noticed a pearl dragon
  2204 | D        | Noticed a pearl dragon
  2206 | D        | Killed a pearl dragon
  2206 | D        | Killed a pearl dragon
  2206 | D        | Reached skill level 10 in Transmutations
  2206 | D        | Killed a pearl dragon
  2206 | D        | Killed a pearl dragon
  2206 | D        | Reached skill level 22 in Long Blades
  2206 | D        | Reached skill level 15 in Stealth
  2206 | D        | Killed a pearl dragon
  2207 | D        | Killed a daeva
  2207 | D        | Reached XP level 17. HP: 124/175 MP: 8/29
  2207 | D        | Killed a pearl dragon
  2207 | D        | Killed a pearl dragon
  2207 | D        | Killed a pearl dragon
  2208 | D        | Noticed a pearl dragon
  2208 | D        | Killed a pearl dragon
  2209 | D        | Killed a pearl dragon
  2210 | D        | Reached skill level 23 in Long Blades
  2212 | D        | Killed a pearl dragon
  2212 | D        | Reached skill level 15 in Dodging
  2239 | D        | Got the ring of Uskayaw's Esteem {Wiz rElec Str+3}
  2245 | D        | Found a transporter.
  2327 | D        | Entered arena 24.
  2331 | D        | Reached skill level 10 in Evocations
  2333 | D        | Noticed a lich
  2333 | D        | Noticed a lich
  2336 | D        | Noticed an Ice Fiend
  2336 | D        | Noticed an Ice Fiend
  2336 | D        | Killed a lich
  2336 | D        | Killed a lich
  2337 | D        | Noticed an ancient lich
  2338 | D        | Noticed an ancient lich
  2346 | D        | Reached skill level 10 in Spellcasting
  2350 | D        | Killed an ancient lich
  2350 | D        | Reached XP level 18. HP: 83/188 MP: 3/32
  2352 | D        | Killed an ancient lich
  2352 | D        | Reached skill level 24 in Long Blades
  2363 | D        | Got the ring "Benegusysu" {+Fly rF+ rC+}
  2396 | D        | Got the amulet "Suputeb" {+Rage rElec rPois Str-4 Int-5}
  2397 | D        | Found a transporter.
  2535 | D        | Entered arena 25.
  2551 | D        | Found a transporter.
  2668 | D        | Entered arena 26.
  2680 | D        | Reached skill level 25 in Long Blades
  2694 | D        | Found a transporter.
  2709 | D        | Got the ring of Texila {rCorr MR+ Str+3 Stlth+}
  2718 | D        | Got the +4 pair of gloves of Xaigyfir {rElec}
  2777 | D        | Got the ring of Sunlight {Wiz rC- MR+++ SInv Stlth-}
  2779 | D        | Got the amulet of Orthodoxy {rC+ Regen+ Int+7 Dex-3}
  2862 | D        | Entered arena 27.
  2870 | D        | Noticed a deep elf master archer
  2870 | D        | Noticed a deep elf master archer
  2870 | D        | Noticed a deep elf master archer
  2871 | D        | Noticed a deep elf master archer
  2871 | D        | Noticed a deep elf master archer
  2871 | D        | Noticed a deep elf master archer
  2871 | D        | Noticed a deep elf master archer
  2871 | D        | Noticed a deep elf master archer
  2872 | D        | Killed a deep elf master archer
  2873 | D        | Noticed a deep elf master archer
  2873 | D        | Killed a deep elf master archer
  2873 | D        | Killed a deep elf master archer
  2873 | D        | Reached skill level 26 in Long Blades
  2873 | D        | Reached XP level 19. HP: 164/200 MP: 18/35
  2874 | D        | Reached skill level 27 in Long Blades
  2876 | D        | Identified the +3 long sword of the Ass {elec, *Corrode +Blink rElec Dex+6}
  2890 | D        | Found a transporter.
  2995 | D        | Got the ring of Ryhal {AC+1 Str-3 Int+3 Dex+3}
  3037 | D        | Entered arena 28.
  3041 | D        | Reached skill level 15 in Evocations
  3046 | D        | Noticed an Ice Fiend
  3047 | D        | Noticed an ancient lich
  3047 | D        | Noticed a lich
  3049 | D        | Noticed a lich
  3050 | D        | Killed a lich
  3051 | D        | Killed an ancient lich
  3051 | D        | Reached XP level 20. HP: 212/216 MP: 15/37
  3109 | D        | Got the cursed ring "Zakuat" {Int+4 Dex-3 Slay+2}
  3148 | D        | Found a transporter.
  3204 | D        | Got the Orb of Zot
  3217 | D        | Escaped with the Orb!

Vault maps used:
D:        sprint_v

Skill      XL: |  1  2  3  4  5  6  7  8  9 10 11 12 13 14 15 16 17 18 19 20 |
---------------+-------------------------------------------------------------+-----
Long Blades    | 4 6 7 8 9 11 12 14 15 17 19 20 22 23 26 27 | 27.0
Armour         | 3 5 6 7 8 9 10 12 13 15 16 18 19 20 22 24 | 24.6
Dodging        | 1 3 4 5 6 7 8 9 11 12 13 14 15 16 18 | 18.6
Shields        | 3 5 6 7 8 9 10 12 13 14 16 18 19 20 22 24 | 24.5
Invocations    | 2 4 5 6 7 8 9 10 12 13 15 16 17 19 20 22 | 22.9
Fighting       | 5 6 7 8 9 10 11 13 14 15 16 18 19 21 | 21.5
Stealth        | 7 16 20 22 25 26 | 26.6
Transmutations | 5 11 13 | 13.3
Evocations     | 3 7 11 13 16 | 16.9
Spellcasting   | 3 7 10 12 13 | 13.8

Action                   |  1- 3 |  4- 6 |  7- 9 | 10-12 | 13-15 | 16-18 | 19-21 || total
-------------------------+-------+-------+-------+-------+-------+-------+-------++-------
Melee: Double sword      |    13 |    11 |    16 |    20 |    25 |    38 |    15 ||   138
       Constrict         |       |       |       |       |     8 |     6 |     7 ||    21
Throw: Throwing net      |       |     3 |     1 |       |       |       |       ||     4
Invok: Slouch            |       |       |     3 |    12 |    34 |    30 |    17 ||    96
 Abil: Spit Poison       |       |     1 |       |       |     1 |       |       ||     2
Evoke: Wand              |       |       |     6 |       |       |     1 |       ||     7
       Phial of floods   |       |       |       |       |       |     1 |       ||     1
  Use: Potion            |     2 |       |       |       |     1 |     3 |     2 ||     8
       Scroll            |       |       |       |       |     6 |       |       ||     6
  Eat: Chunk             |       |       |       |     1 |     3 |     2 |       ||     6
       Fruit             |       |       |       |       |    11 |    10 |       ||    21
Armor: Plate armour      |     4 |     6 |     9 |    17 |    18 |    16 |    22 ||    92
Dodge: Dodged            |       |       |     1 |    10 |     3 |    27 |    36 ||    77
Block: Shield            |    30 |    16 |    29 |    30 |    72 |   119 |   100 ||   396
       Reflection        |       |       |       |       |       |    21 |    25 ||    46
       Rpst.: Double sword |       |       |       |     2 |     1 |     4 |     3 ||    10
